 Dungeon Sprint DCSS version 0.17-a0-1197-g2d00c63 (webtiles) character file.

8311 Kidiri the Unseen (level 11, 0/94 HPs)
             Began as a Spriggan Assassin on June 2, 2015.
             Was the Champion of Dithmenos.
             Splashed by a jelly's acid (3 damage)
             ... in the Dungeon (Sprint I: "Red Sonja").
             The game lasted 00:19:33 (2100 turns).

Kidiri the Unseen (Spriggan Assassin)               Turns: 2100, Time: 00:19:34

Health: 0/94       AC:  0    Str: 12    XL:     11   Next: 8%
Magic:  25/25      EV: 36    Int: 12    God:    Dithmenos [******]
Gold:   380        SH:  0    Dex: 26    Spells: 0 memorised, 10 levels left

rFire  + . .     SeeInvis +     a - +2 dagger
rCold  + . .     Clarity  .     c - +0 robe
rNeg   . . .     SustAt   .     (shield restricted)
rPois  .         Gourm    .     (helmet restricted)
rElec  .         Spirit   .     p - +1 cloak
rCorr  .         Warding  .     (gloves unavailable)
rMut   .         NoTele   +     (boots unavailable)
MR     +....                    (no amulet)
Stlth  ..........               (no ring)
                                o - ring of Deotso {rF+ rC+ MP+9 Dex+4}

@: berserking, corroded equipment, wreathed by umbra, very quick, somewhat
resistant to hostile enchantments, extremely unstealthy
A: unfitting armour, see invisible, herbivore 3, speed 3, slow metabolism 2
a: Shadow Step, Shadow Form, Renounce Religion


You were in the Dungeon.
You worshipped Dithmenos.
Dithmenos was exalted by your worship.
You were not hungry.

You visited 1 branch You collected 1012 gold pieces.
You spent 632 gold pieces at shops.

Inventory:

Hand weapons
 a - a +2 dagger (weapon)
 b - a +0 blowgun
Missiles
 e - 5 poisoned needles
 f - 10 curare-tipped needles
Armour
 c - a +0 robe (worn)
 d - a +0 cloak
 p - a +1 cloak (worn)
Jewellery
 o - the ring of Deotso (left hand) {rF+ rC+ MP+9 Dex+4}
   (You bought it in a shop in the Dungeon)

   [ring of magical power]

   It affects your dexterity (+4).
   It protects you from fire.
   It protects you from cold.
   It affects your magic capacity (+9).
Magical devices
 n - a wand of draining (2)
Scrolls
 i - a scroll of identify {unknown}
 m - a scroll of blinking
Potions
 j - a potion of haste
 k - 2 potions of magic
 q - a potion of resistance {unknown}
Comestibles
 g - a bread ration


   Skills:
 * Level 9.7 Fighting
 * Level 12.2 Short Blades
 * Level 12.2 Throwing
 + Level 6.0 Armour
 * Level 15.2 Dodging
 * Level 17.0 Stealth
 + Level 6.6 Invocations
 + Level 4.8 Evocations


You had 10 spell levels left.
You didn't know any spells.

Dungeon Overview and Level Annotations

Branches:
Dungeon (1/1)

Altars:
Cheibriados
Dithmenos
Elyvilon
Fedhas
Gozag
Kikubaaqudgha
Makhleb
Nemelex Xobeh
Okawaru
Qazlal
Ru
Sif Muna
Trog
Vehumet
Xom
Yredelemnul
Zin
The Shining One
Jiyva

Shops:
D *=[


Innate Abilities, Weirdness & Mutations

You are tiny and cannot use many weapons and most armour.
You have supernaturally acute eyesight.
You are a herbivore.
You cover ground extremely quickly.
You need consume almost no food.


Message History

You puncture the jelly! The acid corrodes you!
Your hands burn!
The jelly is moderately wounded.
The jelly misses you.
You hit the jelly but do no damage.
Your hands burn!
The jelly is moderately wounded.
You hit the jelly but do no damage.
Your hands burn!
The jelly is moderately wounded.
The jelly hits you.
You are splashed with acid!
The acid burns!
* * * LOW HITPOINT WARNING * * *
Drink which item? (? for menu, Esc to quit)
A red film seems to cover your vision as you go berserk!
You feel yourself moving faster!
You feel mighty! The jelly hits you.
* * * LOW HITPOINT WARNING * * *
You are splashed with acid!
The acid burns!
* * * LOW HITPOINT WARNING * * *
You hit the jelly.
Your hands burn!
* * * LOW HITPOINT WARNING * * *
The jelly is moderately wounded.
You puncture the jelly!
Your hands burn!
You die...

'..#..'..'..#...##'#.####.§§§§##$
#####'#__####)..§§§#§# ##†§§## #
#...#§####§§#####§.§.# ###+#
#..##(#§§§§.#..##'#### #.#
##'#..)§§§..§.†#..^..# #..###
.'...§#§§§..#§.#...§§+ ##.#A#
##_.#'##§#####+###§..# .###
###'#.#)(..###.§.#§§.# ##..
###.####(###%###@#.§## +#
.'...'c(...'.∩##J#..#
##.).###########§##+# ##.## #§#
#+# §§# #+++######§# #J..§JJ§§#§#
#J...JJ.#+§# nnn.......≈####


You could see a jelly.

Vanquished Creatures
  2 centaur warriors (D)
  Sonja (D)
  A deep troll (D)
  A lindwurm (D)
  An oklob plant (D)
  A gargoyle (D)
  2 kobold demonologists (D)
  4 demonic crawlers (D)
  A slime creature (D)
  4 trapdoor spiders (D)
  Sigmund (D)
  13 hogs (D)
  A yak (D)
  A wasp (D)
  An ogre (D)
  4 jellies (D)
  Ijyb (D)
  2 giant eyeballs (D)
42 creatures vanquished.

Vanquished Creatures (others)
  A gargoyle (D)
  2 wasps (D)
3 creatures vanquished.

Grand Total: 45 creatures vanquished

Notes
Turn   | Place    | Note
--------------------------------------------------------------
     0 | D        | Kidiri the Spriggan Assassin began the quest for the Orb.
     0 | D        | Reached XP level 1. HP: 10/10 MP: 2/2
     3 | D        | Noticed Ijyb
    27 | D        | Killed Ijyb
    27 | D        | Reached skill level 7 in Stealth
    27 | D        | Reached XP level 2. HP: 13/16 MP: 3/3
    85 | D        | Noticed an ogre
   109 | D        | Killed an ogre
   109 | D        | Reached skill level 1 in Armour
   109 | D        | Reached skill level 5 in Dodging
   109 | D        | Reached skill level 8 in Stealth
   109 | D        | Reached XP level 3. HP: 10/20 MP: 4/4
   109 | D        | Reached XP level 4. HP: 12/24 MP: 5/5
   279 | D        | Noticed Sigmund
   282 | D        | Killed Sigmund
   282 | D        | Reached skill level 5 in Short Blades
   282 | D        | Reached skill level 10 in Stealth
   282 | D        | Reached XP level 5. HP: 27/30 MP: 6/6
   282 | D        | Reached XP level 6. HP: 30/34 MP: 7/7
   322 | D        | Found a snail-covered altar of Cheibriados.
   322 | D        | Found a viscous altar of Jiyva.
   322 | D        | Found a shadowy altar of Dithmenos.
   322 | D        | Found a blossoming altar of Fedhas.
   322 | D        | Noticed a slime creature
   325 | D        | Killed a slime creature
   325 | D        | Reached skill level 5 in Fighting
   325 | D        | Reached skill level 11 in Stealth
   327 | D        | Became a worshipper of Dithmenos the Shadowed
   345 | D        | Found a deep blue altar of Sif Muna.
   346 | D        | Noticed a jelly
   347 | D        | Found a radiant altar of Vehumet.
   351 | D        | Killed a jelly
   394 | D        | Found Ocomoekh's Jewellery Emporium.
   394 | D        | Found a white marble altar of Elyvilon.
   394 | D        | Found a stormy altar of Qazlal.
   394 | D        | Found a burning altar of Makhleb.
   394 | D        | Found a sacrificial altar of Ru.
   394 | D        | Found a basalt altar of Yredelemnul.
   394 | D        | Found a glowing golden altar of the Shining One.
   394 | D        | Found a sparkling altar of Nemelex Xobeh.
   394 | D        | Found a shimmering altar of Xom.
   394 | D        | Found an opulent altar of Gozag.
   394 | D        | Found an ancient bone altar of Kikubaaqudgha.
   394 | D        | Found a glowing silver altar of Zin.
   394 | D        | Noticed a yak
   395 | D        | Found an iron altar of Okawaru.
   396 | D        | Killed a yak
   396 | D        | Reached skill level 1 in Invocations
   396 | D        | Reached XP level 7. HP: 37/39 MP: 8/8
   397 | D        | Found a bloodstained altar of Trog.
   418 | D        | Noticed Sonja
   422 | D        | Killed Sonja
   422 | D        | Reached skill level 10 in Dodging
   422 | D        | Reached skill level 12 in Stealth
   422 | D        | Reached XP level 8. HP: 42/45 MP: 8/11
   448 | D        | Bought the ring of Deotso {rF+ rC+ MP+9 Dex+4} for 494 gold pieces
   525 | D        | Found Jeutixoi's Assorted Antiques.
   545 | D        | Noticed a deep troll
   549 | D        | Killed a deep troll
   549 | D        | Reached skill level 13 in Stealth
   576 | D        | Found Gemedeg's Armour Emporium.
   583 | D        | Bought a +1 cloak for 138 gold pieces
   627 | D        | Noticed a kobold demonologist
   628 | D        | Noticed a kobold demonologist
   630 | D        | Killed a kobold demonologist
   630 | D        | Reached XP level 9. HP: 50/50 MP: 12/12
   632 | D        | Killed a kobold demonologist
   632 | D        | Acquired Dithmenos's first power
   632 | D        | Reached skill level 14 in Stealth
   641 | D        | Noticed a demonic crawler
   641 | D        | Noticed a demonic crawler
   641 | D        | Noticed a demonic crawler
   641 | D        | Noticed a demonic crawler
   643 | D        | Killed a demonic crawler
   643 | D        | Reached skill level 10 in Throwing
   644 | D        | Killed a demonic crawler
   644 | D        | Reached skill level 10 in Short Blades
   646 | D        | Killed a demonic crawler
   646 | D        | Acquired Dithmenos's second power
   647 | D        | Killed a demonic crawler
   667 | D        | Noticed a lindwurm
   669 | D        | Killed a lindwurm
   669 | D        | Reached skill level 5 in Armour
   669 | D        | Reached skill level 15 in Stealth
   669 | D        | Reached skill level 5 in Invocations
   677 | D        | Noticed a hog
   677 | D        | Noticed a hog
   677 | D        | Noticed a hog
   677 | D        | Noticed a hog
   677 | D        | Noticed a hog
   677 | D        | Noticed a hog
   678 | D        | Noticed a hog
   678 | D        | Noticed a hog
   698 | D        | Killed a hog
   698 | D        | Acquired Dithmenos's third power
   708 | D        | Noticed a hog
   724 | D        | Killed a hog
   724 | D        | Reached XP level 10. HP: 31/57 MP: 14/14
   734 | D        | Noticed a hog
   742 | D        | Killed a hog
   760 | D        | Killed a hog
   779 | D        | Noticed a hog
   783 | D        | Killed a hog
   783 | D        | Reached skill level 1 in Evocations
   790 | D        | Noticed a hog
  1044 | D        | Killed a hog
  1046 | D        | Killed a hog
  1067 | D        | Killed a hog
  1083 | D        | Killed a hog
  1095 | D        | Killed a hog
  1115 | D        | Killed a hog
  1115 | D        | Acquired Dithmenos's fourth power
  1120 | D        | Noticed a hog
  1121 | D        | Killed a hog
  1121 | D        | Reached skill level 16 in Stealth
  1123 | D        | Killed a hog
  1143 | D        | Noticed a daeva
  1157 | D        | Noticed a 12-headed hydra
  1177 | D        | Noticed a gargoyle
  1219 | D        | Killed a gargoyle
  1414 | D        | Killed a wasp
  1425 | D        | Noticed a centaur warrior
  1427 | D        | Noticed a centaur warrior
  1472 | D        | Killed a centaur warrior
  1531 | D        | Killed a centaur warrior
  1631 | D        | Killed a wasp
  1713 | D        | Noticed a wasp
  1716 | D        | Killed a wasp
  1728 | D        | Noticed an oklob plant
  1730 | D        | Killed an oklob plant
  1730 | D        | Reached skill level 15 in Dodging
  1738 | D        | Noticed a trapdoor spider
  1738 | D        | Noticed a trapdoor spider
  1744 | D        | Noticed a trapdoor spider
  1770 | D        | Killed a trapdoor spider
  1770 | D        | Reached XP level 11. HP: 56/63 MP: 16/16
  1789 | D        | Killed a trapdoor spider
  1866 | D        | Killed a gargoyle
  1920 | D        | Noticed a trapdoor spider
  1949 | D        | Killed a trapdoor spider
  1949 | D        | Reached skill level 17 in Stealth
  1976 | D        | Killed a trapdoor spider
  2041 | D        | Noticed a jelly
  2041 | D        | Noticed a jelly
  2045 | D        | Noticed a jelly
  2045 | D        | Noticed a jelly
  2045 | D        | Noticed a jelly
  2045 | D        | Noticed a jelly
  2045 | D        | Noticed a jelly
  2046 | D        | Noticed a necrophage
  2047 | D        | Noticed a necrophage
  2047 | D        | Noticed a necrophage
  2048 | D        | Killed a jelly
  2049 | D        | Noticed a necrophage
  2049 | D        | Noticed a necrophage
  2066 | D        | Killed a jelly
  2074 | D        | Killed a jelly
  2099 | D        | HP: 3/94 [acid (2)]
  2100 | D        | Splashed by a jelly's acid

Vault maps used:
D:        dungeon_sprint_1

Action                   |  1- 3 |  4- 6 |  7- 9 | 10-12 || total
-------------------------+-------+-------+-------+-------++-------
Melee: Dagger            |     1 |     4 |    45 |   335 ||   385
 Fire: Blowgun           |    14 |       |     3 |    13 ||    30
Invok: Shadow Step       |       |       |       |     3 ||     3
Evoke: Wand              |       |       |       |     3 ||     3
  Use: Potion            |       |       |       |     3 ||     3
 Stab: Sleeping          |       |     4 |    10 |     8 ||    22
